 Dungeon Crawl Stone Soup version 0.26-a0-1129-gc5df7fbe6a (webtiles) character file.

Game seed: 13172587224741022616

7591 raph the Destroyer (level 10, -3/83 HPs)
             Began as a Yellow Draconian Conjurer on Dec 18, 2020.
             Was a Priest of the Shining One.
             Slain by a wyvern (9 damage)
             ... on level 13 of the Dungeon.
             The game lasted 00:26:31 (12369 turns).

raph the Destroyer (Yellow Draconian Conjurer)     Turns: 12369, Time: 00:26:31

Health: -3/83      AC: 12    Str: 10    XL:     10   Next: 97%
Magic:  16/16      EV: 14    Int: 21    God:    the Shining One [***...]
Gold:   398        SH:  0    Dex: 10    Spells: 1/17 levels left

rFire    + . .     SeeInvis .   i - +6 dagger (elec)
rCold    . . .     Faith    .   (no shield)
rNeg     + . .     Spirit   .   (armour unavailable)
rPois    .         Reflect  .   y - +2 hat
rElec    .         Harm     .   v - +1 cloak {Will+}
rCorr    +         Rampage  .   p - +0 pair of gloves
Will     +....                  (no boots)
Stlth    +.........             k - amulet of the acrobat
HPRegen  0.23/turn              B - ring of protection from fire (curse)
MPRegen  0.15/turn              A - ring of wizardry

@: confused, divine shield, hasted, glowing, studying Summonings, very quick
A: spit acid, unfitting armour, cold-blooded, acid resistance, AC +7
a: Breathe Acid, Renounce Religion, Divine Shield


You were on level 13 of the Dungeon.
You worshipped the Shining One.
The Shining One was most pleased with you.
You visited 1 branch of the dungeon, and saw 11 of its levels.

You collected 723 gold pieces.
You spent 325 gold pieces at shops.

Inventory:

Hand Weapons
 a - a +0 dagger
 i - a +6 dagger of electrocution (weapon)
 s - a +0 rapier of venom
Missiles
 n - 8 javelins
Armour
 p - a +0 pair of gloves (worn)
 v - a +1 cloak of willpower (worn)
 y - a +2 hat (worn)
 D - a +0 buckler
Jewellery
 g - an uncursed ring of stealth
 k - an amulet of the acrobat (around neck)
 A - a ring of wizardry (right hand)
 B - a cursed ring of protection from fire (left hand)
Wands
 w - a wand of polymorph (8)
 z - a wand of disintegration (15)
 C - a wand of iceblast (7)
Scrolls
 d - 2 scrolls of magic mapping
 f - 10 scrolls of remove curse
 u - a scroll of blinking
 x - 2 scrolls of amnesia
Potions
 b - 7 potions of curing
 c - 2 potions of magic
 e - a potion of ambrosia
 h - 3 potions of cancellation
 l - 2 potions of berserk rage
 m - 3 potions of haste
 o - 3 potions of brilliance
 q - 2 potions of invisibility
 r - 2 potions of lignification {unknown}
Books
 t - a manual of Summonings


   Skills:
 + Level 5.7 Fighting
 * Level 2.8 Short Blades
 + Level 6.2 Dodging
 - Level 4.2 Stealth
 - Level 4.0 Spellcasting
 + Level 9.4 Conjurations
 + Level 5.0 Hexes
 + Level 6.4 Translocations
 + Level 5.6 Invocations


You had one spell level left.
You knew the following spells:

 Your Spells              Type           Power        Failure   Level
a - Magic Dart            Conj           100%         1%          1
b - Searing Ray           Conj           86%          1%          2
c - Dazzling Flash        Conj/Hex       68%          1%          3
d - Fulminant Prism       Conj/Hex       17%          2%          4
e - Iskenderun's Mystic   Conj/Tloc      37%          1%          4
f - Summon Small Mammal   Summ           16%          4%          1
g - Apportation           Tloc           62%          1%          1

Your spell library contained the following spells:

 Spells                   Type           Power        Failure   Level
 Corona                   Hex            27%          1%          1
 Animate Skeleton         Necr           8%           4%          1
 Haunt                    Necr/Summ      2%           100%        7
 Borgnjor's Revivificati  Necr           2%           100%        8
 Infestation              Necr           2%           100%        8
 Necromutation            Tmut/Necr      2%           100%        8
 Death's Door             Necr           2%           100%        9


Dungeon Overview and Level Annotations

Branches:
Dungeon (10/15)            Temple (0/1) D:5
   Lair: D:8-11         Orc: D:9-12

Altars:
Ashenzari
Cheibriados
Dithmenos
Fedhas
Gozag
Kikubaaqudgha
Nemelex Xobeh
Qazlal
Sif Muna
Uskayaw
Wu Jian
Xom
The Shining One

Shops:
D:5 [   D:13 [

Annotations:
D:8 Gastronok


Innate Abilities, Weirdness & Mutations

You can spit globs of acid.
Your golden yellow scales are hard. (AC +7)
You cannot fit into any form of body armour.
You are cold-blooded and may be slowed by cold attacks.
You are resistant to acid. (rCorr)


Message History

The wyvern bites you but does no damage.
You block the wyvern's attack.
A boulder beetle comes into view.
You are confused.
You feel invigorated. The wyvern barely misses you.
You hit the wyvern.
The wyvern is moderately wounded.
The wyvern hisses menacingly.
The wyvern bites you but does no damage.
You bump into the rock wall.
The wyvern bites you!
* * * LOW HITPOINT WARNING * * *
You puncture the wyvern! Lightning courses through the wyvern!
The wyvern is almost dead.
The wyvern bites you.
* * * LOW HITPOINT WARNING * * *
You completely miss the wyvern.
You tail-slap the wyvern, but do no damage.
The wyvern is almost dead.
The wyvern bites you!
You die...

. ...
##########B...##
#WWzpcl@........
#.###########.#
#####'#####.......#
#...Wzp..........#
#(...W...........#
#..(.!....)......#
#................#
###..>...............
#.............).....


You could see a death knight, a boulder beetle, a skeletal warrior, a centaur
warrior, 2 wraiths and a wyvern.

Vanquished Creatures
  Harold (D:8)
  A two-headed ogre (D:7)
  A gargoyle (D:13)
  Maggie (D:8)
  A komodo dragon (D:8)
  A troll (D:9)
  A wraith (D:10)
  Grum (D:8)
  Edmund (D:5)
  A soldier ant (D:10)
  A water moccasin (D:7)
  7 ogres
  2 ice beasts
  4 sky beasts
  2 orc warriors
  A phantom (D:7)
  3 wolves
  9 centaurs
  Blork the orc (D:5)
  3 bullfrogs
  3 scorpions
  3 killer bees (D:7)
  2 howler monkeys
  3 wights (D:10)
  6 jellies
  A centaur zombie (D:8)
  A bullfrog zombie (D:7)
  4 bullfrog skeletons
  3 hounds
  4 orc priests
  7 orc wizards
  5 iguanas
  6 worker ants
  A killer bee zombie (D:6)
  A hound zombie (D:6)
  A howler monkey skeleton (D:5)
  2 worker ant zombies
  10 adders
  2 shadow imps
  3 white imps
  3 oozes
  3 ufetubi
  An adder zombie (D:9)
  3 worms
  3 dart slugs (D:1)
  4 leopard geckos
  27 orcs
  5 giant cockroaches
  7 goblins
  6 hobgoblins
  10 jackals
  10 kobolds
  3 quokkas
  A ball python (D:4)
  8 bats
  9 frilled lizards
  2 quokka skeletons
  8 rats
224 creatures vanquished.

Vanquished Creatures (others)
  A bullfrog (D:13)
  13 fulminant prisms
  6 plants (D:8)
20 creatures vanquished.

Grand Total: 244 creatures vanquished

Notes
Turn   | Place    | Note
-------+----------+-------------------------------------------
     0 | D:1      | raph the Draconian Conjurer began the quest for the Orb.
     0 | D:1      | Reached XP level 1. HP: 14/14 MP: 3/3
   250 | D:1      | Reached XP level 2. HP: 20/20 MP: 3/5
   253 | D:1      | Learned a level 2 spell: Searing Ray
  1047 | D:2      | Reached XP level 3. HP: 26/26 MP: 1/6
  1519 | D:2      | Found a hide-covered altar of Uskayaw.
  1540 | D:2      | Found a faded altar of an unknown god.
  1658 | D:2      | Found a sparkling altar of Nemelex Xobeh.
  1767 | D:2      | Found a glowing golden altar of the Shining One.
  1771 | D:2      | Became a worshipper of the Shining One
  1944 | D:2      | Found a burning altar of Makhleb.
  1957 | D:2      | Found a shimmering blue altar of Sif Muna.
  1957 | D:2      | Found a shimmering altar of Xom.
  1959 | D:2      | Found a snail-covered altar of Cheibriados.
  1959 | D:2      | Found an ancient bone altar of Kikubaaqudgha.
  1959 | D:2      | Found an ornate altar of the Wu Jian Council.
  2185 | D:3      | Reached XP level 4. HP: 33/33 MP: 2/7
  2783 | D:3      | Learned a level 3 spell: Dazzling Flash
  2987 | D:3      | Reached skill level 5 in Conjurations
  3339 | D:3      | Reached XP level 5. HP: 31/38 MP: 9/9
  4160 | D:4      | Reached XP level 6. HP: 33/45 MP: 2/10
  4872 | D:4      | Reached skill level 6 in Conjurations
  5083 | D:5      | Entered Level 5 of the Dungeon
  5112 | D:5      | Your scales start taking on a golden yellow colour.
  5112 | D:5      | Reached XP level 7. HP: 50/50 MP: 12/12
  5112 | D:5      | Gained mutation: You are resistant to acid. (rCorr) [Yellow
                  | Draconian growth]
  5247 | D:5      | Found a staircase to the Ecumenical Temple.
  5268 | D:5      | Noticed Edmund
  5268 | D:5      | Noticed Blork the orc
  5278 | D:5      | Killed Blork the orc
  5315 | D:5      | Killed Edmund
  5595 | D:5      | Learned a level 4 spell: Fulminant Prism
  5600 | D:5      | Learned a level 4 spell: Iskenderun's Mystic Blast
  5759 | D:5      | Found a shadowy altar of Dithmenos.
  5800 | D:5      | Reached * piety under the Shining One
  5903 | D:5      | Reached skill level 1 in Fighting
  5903 | D:5      | Reached skill level 7 in Conjurations
  5903 | D:5      | Reached skill level 1 in Invocations
  5903 | D:5      | Reached XP level 8. HP: 59/59 MP: 6/14
  5967 | D:5      | Reached skill level 1 in Translocations
  6427 | D:5      | Found Qoesy's Armour Shop.
  6430 | D:5      | Bought a +1 cloak of willpower for 231 gold pieces
  6957 | D:6      | You fall into a shaft and drop 3 floors!
  7071 | D:9      | Reached skill level 8 in Conjurations
  7379 | D:8      | Noticed Gastronok
  7379 | D:8      | Noticed Harold
  7755 | D:7      | Reached XP level 9. HP: 59/70 MP: 8/15
  8008 | D:6      | Learned a level 1 spell: Summon Small Mammal
  8010 | D:6      | Learned a level 1 spell: Apportation
  8098 | D:6      | Reached skill level 1 in Hexes
  8350 | D:6      | Found an opulent altar of Gozag.
  8390 | D:7      | Reached skill level 5 in Dodging
  8658 | D:7      | Noticed a two-headed ogre
  8658 | D:7      | Reached ** piety under the Shining One
  8675 | D:7      | Killed a two-headed ogre
  8994 | D:7      | Found a blossoming altar of Fedhas.
  9470 | D:8      | Reached skill level 5 in Translocations
  9586 | D:8      | Reached XP level 10. HP: 80/80 MP: 12/16
  9600 | D:8      | Killed Harold
  9601 | D:8      | Reached skill level 9 in Conjurations
  9897 | D:8      | Noticed Maggie
  9912 | D:8      | Killed Maggie
  9913 | D:8      | Reached skill level 5 in Fighting
 10152 | D:8      | Reached skill level 5 in Invocations
 10391 | D:8      | Found a stormy altar of Qazlal.
 10403 | D:8      | Noticed Grum
 10414 | D:8      | Killed Grum
 10781 | D:8      | Found a broken altar of Ashenzari.
 10832 | D:8      | Reached skill level 1 in Short Blades
 10935 | D:9      | Found an ornate altar of the Wu Jian Council.
 11575 | D:9      | Found a glowing golden altar of the Shining One.
 11733 | D:9      | Reached *** piety under the Shining One
 11887 | D:10     | Entered Level 10 of the Dungeon
 12051 | D:10     | Reached skill level 5 in Hexes
 12325 | D:10     | You fall into a shaft and drop 3 floors!
 12325 | D:13     | Found Otaivvuj's Antique Armour Shop.
 12326 | D:13     | Noticed a gargoyle
 12329 | D:13     | Killed a gargoyle
 12331 | D:13     | Noticed a centaur warrior
 12340 | D:13     | Noticed a skeletal warrior
 12342 | D:13     | Noticed a death knight
 12344 | D:13     | Noticed a vault guard
 12346 | D:13     | Bought a buckler for 94 gold pieces
 12360 | D:13     | HP: 2/83 [wyvern (11)]
 12364 | D:13     | Noticed a boulder beetle
 12367 | D:13     | HP: 3/83 [wyvern (9)]
 12369 | D:13     | Slain by a wyvern

Illustrated notes

Levels and vault maps discovered:
D:1:      scummos_arrival_hexagon, layout_basic
D:2:      layout_basic, nemelex_xobeh_ov_fountains_minmay,
          nicolae_overflow_crystal_walls, doesnt_xom_only_xom,
          chequers_ecumenical_altar_simple, nicolae_tso_carved_into_rock
D:3:      kb_forest_paths, layout_rooms
D:4:      layout_cave_pods, serial_glass, glass_columns_b, glass_columns_a
D:5:      kennysheep_windowed_halls, layout_loops_corners,
          kennysheep_little_box, minmay_temple_entry_hall, serial_shops,
          nicolae_shop_behind_doors, uniq_edmund, uniq_blork_the_orc
D:6:      layout_basic, nicolae_gozag_seed_capital,
          cheibrodos_sewer_entry_drain, minmay_splitting_lines
D:7:      minmay_spotlight, layout_basic, marbit_many_paths, minivault_19
D:8:      lemuel_ice_spiral_2, layout_basic, ashenzari_conservatory_becter,
          kennysheep_mini_moat, minmay_lizard_king, uniq_maggie, uniq_gastronok,
          uniq_grum, uniq_harold
D:9:      layout_basic, lemuel_coloured_pillars_altar, lemuel_crystal_altar
D:10:     layout_roguey [special_room_orc], basic_altar
D:13:     hangedman_screamer, layout_basic, grunt_vaults_entry_fortified,
          basic_altar, serial_shops, shop, fedhas_altar_4

Skill      XL: |  1  2  3  4  5  6  7  8  9 10 |
---------------+-------------------------------+-----
Stealth        | 2 3 4 |  4.2
Dodging        | 2 3 4 5 6 |  6.2
Conjurations   | 5 6 7 8 9 |  9.4
Spellcasting   | 3 4 |  4.0
Fighting       | 1 3 4 5 |  5.7
Invocations    | 1 3 4 5 |  5.6
Translocations | 2 5 6 |  6.4
Hexes          | 3 5 |  5.0
Short Blades   | 2 |  2.8

Action                   |  1- 3 |  4- 6 |  7- 9 | 10-12 || total
-------------------------+-------+-------+-------+-------++-------
Melee: Dagger            |    44 |    64 |   156 |   114 ||   378
       Tailslap          |     1 |     3 |     9 |    11 ||    24
       Hand axe          |     7 |       |       |       ||     7
 Cast: Magic Dart        |    32 |    30 |    25 |     9 ||    96
       Searing Ray       |     2 |    10 |    33 |    15 ||    60
       Dazzling Flash    |       |       |     3 |       ||     3
       Fulminant Prism   |       |       |     6 |     7 ||    13
       Iskenderun's Myst |       |       |     2 |       ||     2
       Summon Small Mamm |       |       |       |     3 ||     3
Invok: Divine Shield     |       |       |     1 |     1 ||     2
 Abil: Breathe Acid      |       |       |     6 |    10 ||    16
  Use: Scroll            |       |     9 |     4 |     6 ||    19
       Potion            |       |       |       |     6 ||     6
 Stab: Sleeping          |     1 |       |       |       ||     1
Armor: Skin              |    21 |    19 |    65 |    47 ||   152
Dodge: Dodged            |    38 |    73 |   163 |   160 ||   434
Block: Other             |       |       |     1 |    22 ||    23

Table legend: (Time is in decaauts)
 A = Elapsed time spent in this place.
 B = Non-inter-level travel time spent in this place.
 C = Inter-level travel time spent in this place.
 D = Time resting spent in this place.
 E = Time spent auto-exploring this place.
 F = Levels seen in this place.
 G = Mean time per level.
                   A        B        C        D        E       F      G
               +--------+--------+--------+--------+--------+-----+--------+
         Total |  12373 |  12078 |    295 |   5313 |   4954 |  11 | 1124.8 |
       Dungeon |  12373 |  12078 |    295 |   5313 |   4954 |  11 | 1124.8 |
               +--------+--------+--------+--------+--------+-----+--------+

Top non-repeatable levels by time:
     D:7: 1785 daAuts
     D:2: 1759 daAuts
     D:5: 1747 daAuts
     D:4: 1509 daAuts
     D:9: 1372 daAuts
     D:8: 1218 daAuts
     D:1: 1038 daAuts
     D:3: 781 daAuts
     D:6: 682 daAuts
    D:10: 434 daAuts
    D:13: 44 daAuts
